 Dungeon Crawl Stone Soup version 0.26.0-18-gc5c842f807 (webtiles) character file.

Game seed: 2448583881828234511

663 thiole the Sneak (level 7, -3/43 HPs)
             Began as an Octopode Hedge Wizard on Jan 22, 2021.
             Killed by divine providence
             ... invoked by an orc priest
              (17 damage)
             ... on level 5 of the Dungeon.
             The game lasted 00:17:17 (7208 turns).

thiole the Sneak (Octopode Hedge Wizard)            Turns: 7208, Time: 00:17:18

Health: -3/43      AC:  1    Str:  9    XL:     7   Next: 56%
Magic:  22/22      EV: 13    Int: 19    God:
Gold:   183        SH:  0    Dex: 11    Spells: 6/14 levels left

rFire    . . .     SeeInvis +   a - +0 dagger
rCold    + . .     Faith    .   (no shield)
rNeg     . . .     Spirit   .   b - +0 hat
rPois    +         Reflect  .   q - amulet "Pih Liuf" {RegenMP rC+ SInv}
rElec    .         Harm     .   n - ring of magical power
rCorr    .         Rampage  .   r - ring of poison resistance
Will     .....     Clarity  +   (no ring)
Stlth    ++++......             (no ring)
HPRegen  0.14/turn              (no ring)
MPRegen  0.43/turn              (no ring)
                                (no ring)
                                (no ring)

@: no status effects
A: almost no armour, stealthy swim, amphibious, 8 rings, constrict 8, antennae
1, camouflage 1, clarity, mutation resistance 1, gelatinous body 1, subdued
magic 1
a: no special abilities


You were on level 5 of the Dungeon.
You visited 1 branch of the dungeon, and saw 6 of its levels.

You collected 183 gold pieces.

Inventory:

Hand Weapons
 a - a +0 dagger (weapon)
Armour
 b - a +0 hat (worn)
Jewellery
 n - a ring of magical power (left tentacle)
 q - the amulet "Pih Liuf" (around mantle) {RegenMP rC+ SInv}
   (You found it on level 4 of the Dungeon)

   [amulet of magic regeneration]

   It increases your magic regeneration.
   It protects you from cold.
   It lets you see invisible.
 r - a ring of poison resistance (right tentacle)
Wands
 g - a wand of polymorph (4)
 s - a wand of acid (8)
Scrolls
 d - 2 scrolls of teleportation
 e - 2 scrolls of identify {unknown}
 f - a scroll of remove curse
 j - 2 scrolls of magic mapping {unknown}
Potions
 c - a potion of flight {unknown}
 h - 2 potions of invisibility {unknown}
 i - a potion of attraction {unknown}
 k - a potion of cancellation {unknown}
 l - 3 potions of heal wounds
 m - a potion of might {unknown}
 o - 2 potions of degeneration {unknown}
 p - 4 potions of curing


   Skills:
 + Level 1.4 Fighting
 - Level 2.0 Dodging
 + Level 5.5 Stealth
 + Level 4.2 Spellcasting
 + Level 2.1 Conjurations
 - Level 2.0 Hexes
 * Level 3.2 Summonings
 - Level 1.0 Translocations
 + Level 3.9 Air Magic


You had 6 spell levels left.
You knew the following spells:

 Your Spells              Type           Power        Failure   Level
a - Magic Dart            Conj           36%          4%          1
b - Call Imp              Summ           12%          4%          2
c - Slow                  Hex            8%           7%          2
d - Mephitic Cloud        Conj/Pois/Air  8%           16%         3

Your spell library contained the following spells:

 Spells                   Type           Power        Failure   Level
 Beastly Appendage        Tmut           6%           12%         1
 Blink                    Tloc           N/A          12%         2
 Wereblood                Tmut           3%           17%         2
 Conjure Flame            Conj/Fire      6%           22%         3
 Spider Form              Tmut/Pois      1%           34%         3
 Summon Demon             Summ           6%           65%         5
 Summon Mana Viper        Hex/Summ       10%          73%         5
 Ice Form                 Ice/Tmut       3%           77%         4
 Summon Forest            Summ/Tloc      4%           80%         5
 Blade Hands              Tmut           1%           98%         5
 Shadow Creatures         Summ           N/A          99%         6
 Summon Hydra             Summ           6%           100%        7


Dungeon Overview and Level Annotations

Branches:
Dungeon (6/15)
 Temple: D:4-7

Altars:
Dithmenos
Elyvilon
Gozag
Uskayaw
Xom
Zin

Shops:
D:4 :   D:5 (

Annotations:
D:5 3 runed translucent doors, canine's ghost, weakling GnDe


Innate Abilities, Weirdness & Mutations

You cannot wear most types of armour.
You are very stealthy in the water. (Stealth+)
You are amphibious.
You can wear up to eight rings at the same time.
You can use your tentacles to constrict eight enemies at once.
Your skin changes colour to match your surroundings (Stealth+).
Your rubbery body absorbs attacks. (AC +1, EV +1)
You have a pair of small antennae on your head.
You possess an exceptional clarity of mind.
You are somewhat resistant to further mutation.
Your spells are a little easier to cast, but a little less powerful.


Message History

A shadowy apparition takes form in the air.
You swap places.
You swap places.
The orc hits your shadow imp but does no damage.
The orc's wounds heal themselves!
The orc misses your shadow imp. The orc hits your shadow imp.
The orc misses your shadow imp.
The orc hits your shadow imp but does no damage.
The orc barely misses your shadow imp. The orc hits your shadow imp.
Your shadow imp disappears in a puff of smoke!
The orc hits your iron imp but does no damage.
The orc priest looks encouraged for a moment.
The orc priest invokes the aid of Beogh against you.
Beogh smites you! The orc barely misses your iron imp.
There is an open door here.
The orc priest invokes the aid of Beogh against you.
Beogh smites you!
You die...

########## #......o.ยง
#o######## ####### #.#
#.....# #.# #.....# #o#
#....(# #.#
#.....#######.########
#...>@'..5o.o.........
#.......#.....#######..######
#.......####..#######...#
#.#...#.# ##.........#.####
#.......# #.#######.#....###
#.......# #.# #.#...)...
#.#...#.# #.# ..#.######..
#......)# #.# ..#.#....###
#.......#####.# ...#.......


You could see an orc priest, an orc and a friendly iron imp (summoned).

Vanquished Creatures
  A sky beast (D:5)
  A scorpion (D:4)
  A worker ant (D:4)
  Natasha (D:3)
  A hound zombie (D:5)
  4 gnolls
  7 adders
  A white imp (D:5)
  4 worms
  2 dart slugs
  4 leopard geckos
  5 orcs
  4 giant cockroaches
  15 goblins
  6 hobgoblins
  4 jackals
  8 kobolds
  A quokka (D:5)
  2 ball pythons
  12 bats
  5 frilled lizards
  20 rats
109 creatures vanquished.

Vanquished Creatures (collateral kills)
  An ogre (D:5)
  2 orc priests (D:5)
  2 bullfrog skeletons (D:5)
  A jelly (D:5)
  A centaur skeleton (D:5)
  Natasha (twice) (D:3)
  2 iguanas (D:5)
  Robin (D:3)
  4 gnolls
  An adder (D:5)
  A white imp (D:5)
  8 orcs
  8 goblins (D:3)
  2 hobgoblins (D:3)
  A kobold (D:3)
  A quokka (D:3)
  A jackal skeleton (D:3)
  6 rats (D:3)
45 creatures vanquished.

Vanquished Creatures (others)
  A fungus (D:3)
1 creature vanquished.

Grand Total: 155 creatures vanquished

Notes
Turn   | Place    | Note
-------+----------+-------------------------------------------
     0 | D:1      | thiole the Octopode Hedge Wizard began the quest for the
                  | Orb.
     0 | D:1      | Reached XP level 1. HP: 11/11 MP: 4/4
   215 | D:1      | Reached XP level 2. HP: 17/17 MP: 1/6
   281 | D:1      | Reached skill level 3 in Stealth
   796 | D:1      | Reached XP level 3. HP: 21/21 MP: 5/7
  1176 | D:1      | Learned a level 2 spell: Call Imp
  1179 | D:1      | Learned a level 2 spell: Slow
  1183 | D:1      | Learned a level 3 spell: Mephitic Cloud
  1826 | D:2      | Reached XP level 4. HP: 27/27 MP: 3/8
  2111 | D:2      | Reached skill level 1 in Air Magic
  2852 | D:3      | Reached skill level 1 in Hexes
  2873 | D:3      | Reached XP level 5. HP: 25/31 MP: 3/10
  2879 | D:3      | Reached skill level 4 in Stealth
  3058 | D:3      | Found a white marble altar of Elyvilon.
  3066 | D:3      | Noticed Robin
  3091 | D:3      | Killed Robin
  3489 | D:3      | Found a hide-covered altar of Uskayaw.
  4507 | D:3      | Noticed Natasha
  4514 | D:3      | Killed Natasha
  4667 | D:3      | Reached XP level 6. HP: 25/36 MP: 11/11
  4861 | D:3      | Noticed Natasha
  4885 | D:3      | Killed Natasha
  4958 | D:3      | Noticed Natasha
  5162 | D:3      | Killed Natasha
  5279 | D:4      | Got a warped jade amulet
  5292 | D:4      | Identified the amulet "Pih Liuf" {RegenMP rC+ SInv} (You
                  | found it on level 4 of the Dungeon)
  5331 | D:4      | Gained mutation: Your spells are a little easier to cast,
                  | but a little less powerful. [potion of mutation]
  5331 | D:4      | Gained mutation: You possess an exceptional clarity of
                  | mind. [potion of mutation]
  5331 | D:4      | Gained mutation: One of your tentacles bears a spike.
                  | [potion of mutation]
  5331 | D:4      | Gained mutation: One of your tentacles bears a nasty spike.
                  | [potion of mutation]
  5360 | D:4      | Lost mutation: One of your tentacles bears a nasty spike.
                  | [potion of mutation]
  5360 | D:4      | Lost mutation: One of your tentacles bears a spike. [potion
                  | of mutation]
  5360 | D:4      | Gained mutation: You are somewhat resistant to further
                  | mutation. [potion of mutation]
  5360 | D:4      | Gained mutation: You have a pair of small antennae on your
                  | head. [potion of mutation]
  5568 | D:4      | Found Mebb's Book Shoppe.
  5851 | D:4      | Found an opulent altar of Gozag.
  5851 | D:4      | Found a glowing silver altar of Zin.
  5912 | D:4      | You fall into a shaft and drop 2 floors!
  5929 | D:6      | Noticed a sky beast
  5964 | D:5      | Entered Level 5 of the Dungeon
  5980 | D:5      | Killed a sky beast
  5981 | D:5      | Reached skill level 5 in Stealth
  6099 | D:4      | Found a shadowy altar of Dithmenos.
  6183 | D:5      | Reached XP level 7. HP: 19/42 MP: 13/13
  6287 | D:5      | Reached skill level 1 in Fighting
  6431 | D:5      | Found Dioriche's Weapon Emporium.
  6438 | D:5      | Found a shimmering altar of Xom.
  6477 | D:5      | Found a runed translucent gate.
  6477 | D:5      | Found a runed translucent gate.
  6477 | D:5      | Found a runed translucent gate.
  6480 | D:5      | Noticed canine's ghost (weakling GnDe)
  6491 | D:5      | Identified the +2 hunting sling "Viocoten" {freeze, *Slow
                  | rPois SInv}
  6492 | D:5      | Identified the +3 short sword "Vezosch" {venom, rElec rN+}
  7208 | D:5      | Killed from afar by an orc priest

Illustrated notes

Levels and vault maps discovered:
D:1:      wander_arrival_lonely_grave, layout_basic, minivault_11, st_stairs_5
D:2:      layout_basic, chequers_hall_statues_corner_a
D:3:      layout_basic, elyvilon_altar_1, eat_drink_and_be_merry_uskayaw,
          serial_aquarium, aquarium_bridge_island_small
          [aquarium_subvault_small_open, aquarium_subvault_wall,
          aquarium_subvault_bridge, aquarium_subvault_window,
          aquarium_subvault_wall], aquarium_window_fake, aquarium_window_2,
          aquarium_window_fake, aquarium_window_corner, aquarium_view_2c,
          aquarium_view_2g, minmay_rat_hole, uniq_robin, uniq_natasha
D:4:      layout_rooms, grunt_temple_overflow_gold_and_silver,
          nicolae_dithmenos_through_a_glass_darkly, serial_shops, shop
D:5:      minmay_angry_zag, layout_basic, old_standard_altar, temple_hall,
          biasface_ghost_orc_armoury, serial_shops, kennysheep_mini
D:6:      layout_basic

Skill      XL: |  1  2  3  4  5  6  7 |
---------------+----------------------+-----
Stealth        | 3 4 5 |  5.5
Summonings     | 2 3 |  3.2
Conjurations   | 2 |  2.1
Air Magic      | 1 2 3 |  3.9
Hexes          | 1 2 |  2.0
Spellcasting   | 4 |  4.2
Fighting       | 1 |  1.4
Dodging        | |  2.0
Translocations | |  1.0

Action                   |  1- 3 |  4- 6 |  7- 9 || total
-------------------------+-------+-------+-------++-------
Melee: Dagger            |    44 |   186 |    30 ||   260
       Constrict         |    12 |    35 |     8 ||    55
       Tentacles         |     8 |    26 |     4 ||    38
       Unarmed           |       |     8 |       ||     8
       Kick              |       |     1 |       ||     1
 Cast: Magic Dart        |    66 |    86 |    16 ||   168
       Call Imp          |       |    25 |    31 ||    56
       Slow              |       |     3 |       ||     3
  Use: Scroll            |       |     3 |       ||     3
       Potion            |       |     7 |       ||     7
 Stab: Sleeping          |       |     2 |     1 ||     3
       Distracted        |       |     2 |       ||     2
Armor: Skin              |     6 |    28 |     2 ||    36
Dodge: Dodged            |    30 |   110 |    18 ||   158
